 Dungeon Crawl Stone Soup version 0.20.0-15-g7f486f2 (console) character file.

316 removed the Magician (level 6, 28/28 HPs)
             Began as a Spriggan Necromancer on June 10, 2017.
             Was an Initiate of Ashenzari.
             Quit the game on level 5 of the Dungeon.
             The game lasted 00:04:39 (4599 turns).

removed the Magician (Spriggan Necromancer)         Turns: 4599, Time: 00:04:39

Health: 28/28      AC:  2    Str:  4    XL:     6   Next: 20%
Magic:  14/15      EV: 18    Int: 18    God:    Ashenzari [......]
Gold:   184        SH:  0    Dex: 17    Spells: 15/16 levels left

rFire    . . .     SeeInvis +   (weapon restricted)
rCold    . . .     Gourm    .   (shield restricted)
rNeg     . . .     Faith    .   a - +0 robe
rPois    .         Spirit   .   (helmet restricted)
rElec    .         Reflect  .   (no cloak)
rCorr    .         Harm     .   (gloves unavailable)
MR       ++...                  (boots unavailable)
Stlth    +++.......             m - amulet of regeneration
Regen    0.5/turn               y - ring of protection from magic
MPRegen  0.2/turn               n - ring of stealth

@: very quick
A: unfitting armour, see invisible, herbivore 3, speed 3, slow metabolism 2
a: Curse Item, Renounce Religion


You were on level 5 of the Dungeon.
You worshipped Ashenzari.
Ashenzari was noncommittal.
You were hungry.

You visited 1 branch of the dungeon, and saw 5 of its levels.

You collected 184 gold pieces.

Inventory:

Armour
 a - a +0 robe (worn)
Jewellery
 f - an uncursed ring of resist corrosion
 m - an amulet of regeneration (around neck)
 n - a ring of stealth (right hand)
 t - an uncursed ring of resist corrosion
 y - a ring of protection from magic (left hand)
Scrolls
 d - 3 scrolls of remove curse
 g - 3 scrolls of teleportation {unknown}
 i - 4 scrolls of magic mapping {unknown}
 j - a scroll of amnesia {unknown}
 o - 2 scrolls of enchant armour {unknown}
 q - a scroll of enchant weapon {unknown}
 r - 2 scrolls of recharging {unknown}
 s - 2 scrolls of fear {unknown}
 x - 4 scrolls of identify {unknown}
Potions
 e - a potion of lignification {unknown}
 k - a potion of ambrosia {unknown}
 l - 2 potions of cancellation {unknown}
 p - a potion of brilliance {unknown}
 u - a potion of heal wounds {unknown}
 v - 2 potions of agility {unknown}
 w - a potion of degeneration {unknown}
 z - 2 potions of haste {unknown}
Books
 b - a book of Necromancy

   Spells                             Type                      Level
   a - Pain                           Necromancy                   1
   b - Animate Skeleton               Necromancy                   1
   c - Vampiric Draining              Necromancy                   3
   d - Regeneration                   Charms/Necromancy            3
   e - Animate Dead                   Necromancy                   4
   f - Control Undead                 Necromancy                   4
Comestibles
 c - 2 bread rations
 h - 7 fruits


   Skills:
 - Level 3.0 Dodging
 - Level 3.0 Stealth
 + Level 5.8 Spellcasting
 + Level 5.5 Necromancy


You had 15 spell levels left.
You knew the following spells:

 Your Spells              Type           Power        Failure   Level  Hunger
a - Pain                  Necr           ####         1%          1    None


Dungeon Overview and Level Annotations

Branches:
Dungeon (5/15)
 Temple: D:4-7

Altars:
Ashenzari
Cheibriados
Hepliaklqana
Nemelex Xobeh
Ru
Xom
Yredelemnul

Annotations:
D:3 nikopol's ghost, amateur HOFi
D:5 Grinder


Innate Abilities, Weirdness & Mutations

You are very small and have problems with some larger weapons.
You are too small for most types of armour.
You have supernaturally acute eyesight. (SInv)
You are a herbivore.
You cover ground extremely quickly.
You need consume almost no food.


Message History

Aiming: Pain
Press: ? - help, Shift-Dir - straight line, f/p - adder
Aim: an adder (heavily wounded, chance to defeat MR: 89%)
The adder writhes in agony!
You kill the adder!
Casting: Pain
Confirm with . or Enter, or press ? or * to list all spells.
You can't see any susceptible monsters within range! (Use Z to cast anyway.)
Casting: Pain
Confirm with . or Enter, or press ? or * to list all spells.
You can't see any susceptible monsters within range! (Use Z to cast anyway.)
Found an uncursed spear.
You see here an adder corpse.
Found an uncursed whip.
Found a scroll labeled RUNIMM BOAC.
Found a stone staircase leading down.
r - 2 scrolls labeled RUNIMM BOAC (gained 1) Grinder comes into view.
Grinder is nearby!
Are you sure you want to abandon this character and quit the game? (Confirm with "yes".)

. 5.. #..##### ..# #....@.# ..>#
#..###.## ...###### ######## ##.#
#..#####.......# (......# #.#
##....##.......# .......# #.##
####..#.......#
...[...######..#######.#.......#.
.............>...................
.<<....#######..#######......#...
.......# ##.#### ###......#


You could see Grinder (sleeping).

Vanquished Creatures
  A sky beast (D:3)
  A hound (D:4)
  An orc priest (D:3)
  A worker ant (D:4)
  5 adders
  An ooze (D:3)
  5 worms
  3 leopard geckos
  3 orcs
  7 giant cockroaches
  4 goblins
  5 hobgoblins
  8 jackals (D:2)
  6 kobolds
  2 quokkas (D:2)
  A ball python (D:2)
  5 bats
  7 frilled lizards
  A jackal skeleton (D:4)
  A leopard gecko skeleton (D:4)
  6 rats
74 creatures vanquished.

Notes
Turn   | Place    | Note
-------+----------+-------------------------------------------
     0 | D:1      | removed the Spriggan Necromancer began the quest for the Orb.
     0 | D:1      | Reached XP level 1. HP: 9/9 MP: 5/5
   633 | D:1      | Reached XP level 2. HP: 13/13 MP: 4/7
  1696 | D:2      | Reached XP level 3. HP: 10/16 MP: 1/9
  2335 | D:2      | Found a sparkling altar of Nemelex Xobeh.
  2339 | D:2      | Found a snail-covered altar of Cheibriados.
  2545 | D:2      | Found a sparkling altar of Nemelex Xobeh.
  2618 | D:3      | Reached XP level 4. HP: 18/21 MP: 3/11
  3278 | D:3      | Noticed a sky beast
  3307 | D:3      | Killed a sky beast
  3307 | D:3      | Reached skill level 5 in Spellcasting
  3307 | D:3      | Reached skill level 5 in Necromancy
  3307 | D:3      | Reached XP level 5. HP: 11/24 MP: 2/13
  3539 | D:3      | Noticed nikopol's ghost (amateur HOFi)
  3852 | D:2      | Found a shattered altar of Ashenzari.
  3852 | D:2      | Found a basalt altar of Yredelemnul.
  3852 | D:2      | Found a hazy altar of Hepliaklqana.
  3852 | D:2      | Found a sacrificial altar of Ru.
  3856 | D:2      | Found a shimmering altar of Xom.
  3872 | D:2      | Became a worshipper of Ashenzari the Shackled
  4026 | D:4      | Reached XP level 6. HP: 28/28 MP: 12/15
  4563 | D:5      | Entered Level 5 of the Dungeon
  4598 | D:5      | Noticed Grinder
  4599 | D:5      | Quit the game

Skill      XL: |  1  2  3  4 |
---------------+-------------+-----
Spellcasting   | 3 4 5 |  5.8
Necromancy     | 4 5 |  5.5
Dodging        | |  3.0
Stealth        | |  3.0

Action                   |  1- 3 |  4- 6 || total
-------------------------+-------+-------++-------
Melee: Unarmed           |       |    36 ||    36
 Cast: Pain              |    88 |    85 ||   173
Armor: Robe              |       |     9 ||     9
Dodge: Dodged            |    16 |    34 ||    50
